Match 42577766
Unlisted

Match 42577766
End
Scout Squad
Selects Special Operations Battlegroup
Selects M29 Weasel Recon Vehicle
M29 Weasel Recon Vehicle
Construct Weapon Support Center
M1919 Machine Gun Team
Bazooka Squad
Construct Medical Station
M1919 Machine Gun Team
Infantry Support Center
Bazooka Squad
Selects Raiding Flares
Selects SSF Commando Squad
SSF Commando Squad
Survival Training
SSF Commando Squad
Advanced Logistics
Improved M9 Bazooka Rockets
hong_0002
『BlackBear』
0
0

Comments sign in to comment!

No comments posted yet!